 Dungeon Crawl Stone Soup version 0.23.2-33-g5129a83184 (webtiles) character file.

Game seed: 13080040667279627623

45 Folks the Digger (level 3, -2/29 HPs)
             Began as a Draconian Earth Elementalist on Aug 10, 2019.
             Slain by a gnoll
             ... wielding a +0 spear
              (6 damage)
             ... on level 1 of the Dungeon.
             The game lasted 00:02:40 (445 turns).

Folks the Digger (Draconian Earth Elementalist)      Turns: 445, Time: 00:02:40

Health: -2/29      AC:  5    Str: 10    XL:     3   Next: 42%
Magic:  1/6        EV: 12    Int: 16    God:
Gold:   74         SH:  0    Dex: 11    Spells: 0/6 levels left

rFire    . . .     SeeInvis .   i - +0 short sword
rCold    . . .     Gourm    .   (no shield)
rNeg     . . .     Faith    .   (armour unavailable)
rPois    .         Spirit   .   (helmet restricted)
rElec    .         Reflect  .   (no cloak)
rCorr    .         Harm     .   (no gloves)
MR       .....                  (no boots)
Stlth    ++........             (no amulet)
HPRegen  0.09/turn              (no ring)
MPRegen  0.10/turn              (no ring)

@: no status effects
A: unfitting armour, cold-blooded, AC +5
a: no special abilities


You were on level 1 of the Dungeon.
You were not hungry.

You visited 1 branch of the dungeon, and saw 2 of its levels.

You collected 74 gold pieces.

Inventory:

Hand Weapons
 g - a +0 hunting sling
 i - a +0 short sword (weapon)
Missiles
 a - 5 poisoned javelins
 b - 37 stones (quivered)
Scrolls
 e - a scroll of teleportation {unknown}
 j - a scroll of blinking {unknown}
Potions
 d - a potion of curing {unknown}
 h - a potion of might {unknown}
Comestibles
 c - 2 rations
 f - a chunk of flesh


   Skills:
 - Level 2.1 Fighting
 - Level 1.7 Dodging
 - Level 1.7 Stealth
 + Level 2.4 Spellcasting
 * Level 0.8 Conjurations
 - Level 1.0 Transmutations
 + Level 3.3 Earth Magic


You couldn't memorise any spells.
You knew the following spells:

 Your Spells              Type           Power        Failure   Level  Hunger
a - Sandblast             Erth           ##....       4%          1    #......
b - Passwall              Tmut/Erth      #.......     12%         2    ###....
c - Stone Arrow           Conj/Erth      #.....       26%         3    ###....

Your spell library contained the following spells:

 Spells                   Type           Power        Failure   Level  Hunger
 Petrify                  Tmut/Erth      #.......     63%         4    #####..
 Lee's Rapid Deconstruct  Erth           ##........   80%         5    ######.


Dungeon Overview and Level Annotations

Branches:
Dungeon (2/15)

Altars:


Innate Abilities, Weirdness & Mutations

Your plain brown scales are hard. (AC +5)
You cannot fit into any form of body armour.
You are cold-blooded and may be slowed by cold attacks.


Message History

You hit the gnoll but do no damage.
The gnoll is almost dead.
The gnoll hits you with a +0 spear!
* * * LOW HITPOINT WARNING * * *
The gnoll barely misses you.
You hit the gnoll but do no damage.
The gnoll is almost dead.
The gnoll hits you with a +0 spear.
* * * LOW HITPOINT WARNING * * *
You hit the gnoll but do no damage.
The gnoll is almost dead.
The gnoll hits you with a +0 spear.
* * * LOW HITPOINT WARNING * * *
You closely miss the gnoll.
The gnoll is almost dead.
The gnoll completely misses you.
You hit the gnoll but do no damage.
The gnoll is almost dead.
The gnoll hits you with a +0 spear.
You die...

#................#.# .
#..........##..#.#.###..
#######.#..........).†..
#.#.######.#####.. #.#...
..... .
..#####.#.######.###
......(........#..
###.####g##########
#.#.##..@.#
#########.#..#....#########
........#.##.#.............
........#.##.#.....########
..(....(.....+.....#
........#.##.#.....#
........#.##.......#
........#..........#
........#..........#


You could see a gnoll.

Vanquished Creatures
  An adder (D:2)
  An ooze (D:2)
  A worm (D:2)
  2 dart slugs (D:1)
  2 leopard geckos (D:2)
  3 giant cockroaches
  2 hobgoblins (D:2)
  A quokka (D:2)
  A bat (D:2)
  A frilled lizard (D:2)
  3 goblins (D:2)
  3 kobolds
  3 rats
24 creatures vanquished.

Notes
Turn   | Place    | Note
-------+----------+-------------------------------------------
     0 | D:1      | Folks the Draconian Earth Elementalist began the quest for
                  | the Orb.
     0 | D:1      | Reached XP level 1. HP: 14/14 MP: 3/3
     4 | D:1      | You fall through a shaft!
   133 | D:2      | Reached skill level 1 in Fighting
   156 | D:2      | Reached XP level 2. HP: 19/23 MP: 5/5
   163 | D:2      | Learned a level 2 spell: Passwall
   262 | D:2      | Reached XP level 3. HP: 22/29 MP: 4/6
   267 | D:2      | Learned a level 3 spell: Stone Arrow
   445 | D:1      | Slain by a gnoll

Skill      XL: |  1  2 |
---------------+-------+-----
Fighting       | 1 2 |  2.1
Dodging        | |  1.7
Stealth        | |  1.7
Spellcasting   | |  2.4
Conjurations   | |  0.8
Transmutations | |  1.0
Earth Magic    | |  3.3

Action                   || total
-------------------------++-------
Melee: Hand axe          ||    34
       Unarmed           ||     5
       Club              ||     1
       Tailslap          ||     6
       Short sword       ||    17
 Cast: Sandblast         ||    13
       Stone Arrow       ||     3
Armor: Skin              ||    14
Dodge: Dodged            ||    42
